 Dungeon Crawl Stone Soup version 0.27.0-1-g7a089689b8 (webtiles) character file.

Game seed: 16085222479729531874

1159 rjrrt the Cleaver (level 8, -6/59 HPs)
             Began as a Minotaur Monk on Aug 11, 2021.
             Was a Believer of Hepliaklqana.
             Mangled by a cyclops (16 damage)
             ... on level 6 of the Dungeon.
             The game lasted 00:11:41 (3647 turns).

rjrrt the Cleaver (Minotaur Monk)                   Turns: 3647, Time: 00:11:42

Health: -6/59      AC:  1    Str: 17 (18) XL:     8   Next: 16%
Magic:  7/7        EV: 13    Int:  6 (7)  God:    Hepliaklqana [**....]
Gold:   202        SH:  0    Dex: 13      Spells: 7/7 levels left

rFire    . . .     SeeInvis .   a - +0 hand axe
rCold    . . .     Faith    .   (no shield)
rNeg     . . .     Spirit   .   b - +0 robe
rPois    .         Reflect  .   (helmet restricted)
rElec    .         Harm     .   m - +0 cloak
rCorr    .         Rampage  .   (no gloves)
Will     .....                  n - +1 pair of boots
Stlth    ++........             (no amulet)
HPRegen  0.19/turn              (no ring)
MPRegen  0.10/turn              (no ring)

@: corroded
A: reduced essence, horns 2, retaliatory headbutt
a: Renounce Religion, Recall Ancestor, Ancestor Identity


You were on level 6 of the Dungeon.
You worshipped Hepliaklqana.
Hepliaklqana was pleased with you.
You visited 2 branches of the dungeon, and saw 7 of its levels.
You also visited: Ossuary.

You collected 202 gold pieces.

Inventory:

Hand Weapons
 a - a +0 hand axe (weapon)
 d - a +0 halberd
 i - a +0 trident
Missiles
 f - 6 boomerangs (quivered)
 o - 8 poisoned darts
Armour
 b - a +0 robe (worn)
 m - a +0 cloak (worn)
 n - a +1 pair of boots (worn)
Jewellery
 e - a ring of positive energy
Scrolls
 c - 2 scrolls of summoning
 g - 2 scrolls of fog
Potions
 h - a potion of attraction
 j - a potion of haste
 k - a potion of lignification
 p - 3 potions of curing
 s - a potion of ambrosia


   Skills:
 + Level 3.9 Fighting
 + Level 11.6 Axes
 + Level 1.1 Armour
 + Level 3.5 Dodging
 - Level 1.5 Stealth


You had 7 spell levels left.
You didn't know any spells.
Your spell library was empty.

Dungeon Overview and Level Annotations

Branches:
Dungeon (6/15)             Temple (1/1) D:6         Ossuary (visited)

Altars:
Ashenzari
Dithmenos
Elyvilon
Gozag
Hepliaklqana
Makhleb
Nemelex Xobeh
Okawaru
Qazlal
Ru
Sif Muna
Trog
Uskayaw
Wu Jian
Zin
The Shining One


Innate Abilities, Weirdness & Mutations

Your life essence is reduced to manifest your ancestor. (-10% HP)
You have a pair of horns on your head.
You reflexively headbutt those who attack you in melee.


Message History

You headbutt the jelly.
The jelly is heavily wounded.
The jelly barely misses you.
You hit the jelly.
Your hands burn!
You headbutt the jelly.
You kill the jelly!
You feel your dexterity returning.
Your Armour skill increases to level 1!
No target in view!
Unknown command.
A cyclops comes into view.
You see here a ring of positive energy.
e - a ring of positive energy The cyclops shouts!
Found a fluorescent wand.
You hit the cyclops but do no damage. You headbutt the cyclops.
The cyclops is lightly wounded.
You hit the cyclops.
You headbutt the cyclops, but do no damage.
The cyclops is lightly wounded.
Eadburga hits the cyclops with a +0 flail.
You slash the cyclops!
The cyclops is moderately wounded.
The cyclops hits you!!
You hit the cyclops but do no damage.
The cyclops is moderately wounded.
Eadburga hits the cyclops with a +0 flail!
You barely miss the cyclops.
The cyclops is heavily wounded.
The cyclops hits you!!
* * * LOW HITPOINT WARNING * * *
Eadburga hits the cyclops with a +0 flail!
You are too injured to fight recklessly!
Unknown command.
Unknown command.
You hit the cyclops but do no damage.
You headbutt the cyclops, but do no damage.
The cyclops is heavily wounded.
Eadburga hits the cyclops with a +0 flail!
The cyclops hits you!
You die...

.# #.# .#
#.# ... #.#
.##.#####.##
........C..#
##
..$....@R..#
.#
###........#
.#####..
#..........#
#...)...
./.........#
.#####..
##....:....#
.#
...........#
<#
###.......##
........
...##....#
######..
.......#.#


You could see the friendly Eadburga the knight and a cyclops (ally target).

Vanquished Creatures
  A wyvern (D:5)
  A water moccasin (D:5)
  A sky beast (D:6)
  3 centaurs
  A bullfrog (D:6)
  A water moccasin skeleton (D:4)
  A howler monkey (D:6)
  2 centaur zombies
  A jelly (D:6)
  2 hounds
  A centaur skeleton (D:4)
  A scorpion zombie (D:4)
  An iguana (D:5)
  A hound skeleton (D:2)
  A mummy (Ossuary)
  3 gnolls (D:5)
  3 adders (D:3)
  6 adder zombies
  3 dart slugs
  2 endoplasms
  3 giant cockroaches
  3 goblins
  6 hobgoblins
  7 jackals (D:1)
  4 ball pythons
  5 bats
  2 frilled lizards
  A gnoll zombie (Ossuary)
  3 goblin zombies (Ossuary)
  2 hobgoblin zombies (Ossuary)
  A jackal skeleton (D:4)
  2 kobolds
  2 kobold zombies (Ossuary)
  A quokka zombie (Ossuary)
  3 rats
  3 rat zombies (Ossuary)
84 creatures vanquished.

Vanquished Creatures (collateral kills)
  2 mummies (Ossuary)
  2 adder zombies (Ossuary)
  A goblin zombie (Ossuary)
  A kobold zombie (Ossuary)
6 creatures vanquished.

Vanquished Creatures (others)
  3 plants (D:1)
3 creatures vanquished.

Grand Total: 93 creatures vanquished

Notes
Turn   | Place    | Note
-------+----------+-------------------------------------------
     0 | D:1      | rjrrt the Minotaur Monk began the quest for the Orb.
     0 | D:1      | Reached XP level 1. HP: 19/19 MP: 0/0
    58 | D:1      | Reached skill level 4 in Axes
   175 | D:1      | Reached XP level 2. HP: 26/26 MP: 1/1
   569 | D:1      | Reached skill level 5 in Axes
   583 | D:1      | Reached XP level 3. HP: 15/31 MP: 2/2
  1318 | D:3      | Reached skill level 6 in Axes
  1318 | D:3      | Reached XP level 4. HP: 24/39 MP: 3/3
  1542 | D:3      | Found a sparkling altar of Nemelex Xobeh.
  1656 | D:4      | Noticed a scorpion
  1676 | D:4      | Reached skill level 7 in Axes
  1676 | D:4      | Reached XP level 5. HP: 34/45 MP: 4/4
  1809 | D:4      | Found a stormy altar of Qazlal.
  1853 | D:4      | Noticed an ice beast
  1881 | D:4      | Noticed a centaur
  1895 | D:4      | Killed a centaur
  1896 | D:4      | Reached skill level 8 in Axes
  1896 | D:4      | Reached XP level 6. HP: 7/51 MP: 5/5
  2319 | D:5      | Entered Level 5 of the Dungeon
  2323 | D:5      | Noticed a water moccasin
  2346 | D:5      | Killed a water moccasin
  2347 | D:5      | Reached skill level 9 in Axes
  2363 | D:5      | Noticed a wyvern
  2373 | D:5      | Killed a wyvern
  2374 | D:5      | Reached skill level 10 in Axes
  2374 | D:5      | Reached XP level 7. HP: 15/57 MP: 6/6
  2859 | D:6      | Found a staircase to the Ecumenical Temple.
  2869 | Temple   | Entered the Ecumenical Temple
  2988 | Temple   | Became a worshipper of Hepliaklqana the Forgotten
  2988 | Temple   | Reached * piety under Hepliaklqana
  2988 | Temple   | Reached ** piety under Hepliaklqana
  2990 | Temple   | Remembered your ancestor Eadburga as a knight
  3025 | D:6      | Found a glowing golden altar of the Shining One.
  3044 | D:6      | Reached skill level 11 in Axes
  3085 | D:6      | Found a sand-covered staircase.
  3093 | Ossuary  | Entered an ossuary
  3102 | Ossuary  | HP: 1/51 [mummy (9)]
  3105 | Ossuary  | Reached XP level 8. HP: 1/57 MP: 5/7
  3635 | D:6      | Reached skill level 1 in Armour
  3637 | D:6      | Noticed a cyclops
  3647 | D:6      | Mangled by a cyclops

Illustrated notes

Levels and vault maps discovered:
D:1:      dpeg_arrival_windows_large_door, layout_basic, serial_forest,
          infiniplex_forest_clump_large, infiniplex_forest_side_room,
          infiniplex_forest_lined_1, infiniplex_forest_clump_small,
          infiniplex_forest_clump_C, minivault_14, minmay_misc_feat_iff
D:2:      layout_rooms, basic_ecumenical_altar, serial_shops, shop_statue,
          uniq_crazy_yiuf_cottage
D:3:      layout_loops_ring, amcnicky_altar_gilded, uniq_jessica
D:4:      layout_layer_cave, mainiacjoe_overflow_24_doors, serial_undead,
          serial_undead_e, serial_undead_d, serial_undead_c, serial_undead_a
D:5:      layout_basic, nicolae_kikubaaqudgha_miasma_corner
D:6:      layout_loops_ring, mainiacjoe_overflow_surrounded_room,
          nicolae_overflow_crystal_walls, minmay_temple_entry_mini_moons,
          enter_ossuary_5, chequers_serial_rivers_micro_b, minmay_crystal_room
Temple:   nicolae_temple_figure_eight

Skill      XL: |  1  2  3  4  5  6  7  8 |
---------------+-------------------------+-----
Axes           | 4 5 6 7 8 10 11 | 11.6
Armour         | 1 |  1.1
Fighting       | |  3.9
Dodging        | |  3.5
Stealth        | |  1.5

Action                   |  1- 3 |  4- 6 |  7- 9 || total
-------------------------+-------+-------+-------++-------
Melee: Hand axe          |    79 |    89 |    88 ||   256
       Headbutt          |    11 |    23 |    21 ||    55
Throw: Boomerang         |       |     2 |     2 ||     4
Invok: Recall Ancestor   |       |       |     1 ||     1
       Ancestor Life: Kn |       |       |     1 ||     1
  Use: Scroll            |       |     4 |     8 ||    12
       Potion            |       |     2 |     2 ||     4
 Stab: Sleeping          |     1 |     3 |     1 ||     5
       Distracted        |       |       |     1 ||     1
Armor: Robe              |    25 |    21 |    18 ||    64
Dodge: Dodged            |    68 |    61 |    53 ||   182
